 Dungeon Crawl Stone Soup version 0.31-a0-667-g39726597b9 (webtiles) character file.

Game seed: 17227417102970245333

676 MackTheKnife the Magician (level 7, -5/46 HPs)
             Began as a Mummy Conjurer on Sept 3, 2023.
             Was an Initiate of Gozag.
             Slain by an unseen horror (9 damage)
             ... on level 5 of the Dungeon.
             The game lasted 00:07:50 (6271 turns).

MackTheKnife the Magician (Mummy Conjurer)          Turns: 6271, Time: 00:07:51

Health: -5/46      AC:  4    Str: 10    XL:     7   Next: 33%
Magic:  17/17      EV: 12    Int: 19    God:    Gozag
Gold:   128        SH:  5    Dex: 11    Spells: 12/19 levels left

rFire   x . .        c - +2 short sword (vamp) {short}
rCold   + . .        (no shield)
rNeg    + + +        a - +0 robe rPois โˆž
                     l - +2 hat
rElec   .            (no cloak)
rCorr   .            (no gloves)
SInv    .            (no boots)
Will    .....        o - amulet of reflection
Stlth   ++           (no ring)
HPRegen 0.27/turn    (no ring)
MPRegen 0.15/turn

%: reflection, faith
@: no status effects
A: cold resistance 1, negative energy resistance 3, torment resistance 2, heat
vulnerability 1, in touch with death 1, no potions, faith
a: Renounce Religion, Potion Petition, Call Merchant, Bribe Branch


You were on level 5 of the Dungeon.
You worshipped Gozag.
Gozag was aware of your devotion.
You visited 2 branches of the dungeon, and saw 6 of its levels.

You collected 197 gold pieces.
You paid 69 gold pieces to Gozag.


Innate Abilities, Weirdness & Mutations

You are immune to poison.
Your flesh is cold resistant. (rC+)
You are immune to negative energy. (rN+++)
You are immune to unholy pain and torment.
You are vulnerable to heat. (rF-)
You are in touch with the powers of death.
You do not drink.
You have a special connection with the divine. (Faith)


   Skills:
 - Level 1.5 Dodging
 - Level 1.5 Stealth
 + Level 6.7 Spellcasting
 + Level 5.3 Conjurations
 + Level 3.0 Hexes


You had 12 spell levels left.
You knew the following spells:

 Your Spells              Type           Power      Damage    Failure   Level
a - Magic Dart            Conj           100%       1d8       1%          1
b - Searing Ray           Conj           52%        2d6       1%          2
c - Fulminant Prism       Conj/Hex       11%        3d9       19%         4

Your spell library contained the following spells:

 Spells                   Type           Power      Damage    Failure   Level
 Momentum Strike          Conj/Tloc      32%        3d8       5%          2
 Dazzling Flash           Conj/Hex       44%        N/A       5%          3
 Necrotise                Necr           36%        1d5       11%         1
 Blink                    Tloc           12%        N/A       16%         2
 Poisonous Vapours        Pois/Air       12%        N/A       16%         2
 Swiftness                Air            6%         N/A       30%         3
 Vampiric Draining        Necr           9%         2d6       30%         3
 Volatile Blastmotes      Fire/Tloc      12%        2d11      30%         3
 Iskenderun's Mystic Bla  Conj/Tloc      16%        2d5       34%         4
 Agony                    Necr           9%         N/A       96%         5
 Chain Lightning          Conj/Air       8%         3d10      100%        9
 Fire Storm               Conj/Fire      8%         8d2       100%        9
 Shatter                  Erth           3%         3d7*      100%        9

Inventory:

Hand Weapons
 c - a +2 vampiric short sword (weapon) {short}
   (You took it off a kobold on level 1 of the Dungeon)
Armour
 a - a +0 robe (worn)
 k - a +0 helmet
   (You took it off Robin on level 3 of the Dungeon)
 l - a +2 hat (worn)
   (You found it on level 4 of the Dungeon)
 n - the +8 chain mail of the Stonemason {Will- rCorr Str+4}
   (You found it on level 4 of the Dungeon)

   Str+4:     It affects your strength (+4).
   Will-:     It decreases your willpower.
   rCorr:     It protects you from acid and corrosion.
Magical Staves
 b - a staff of earth {!astaff}
   (You found it on level 1 of the Dungeon)
Jewellery
 o - an amulet of reflection (around neck)
   (You found it on level 5 of the Dungeon)
Wands
 m - a wand of iceblast (14)
   (You found it on level 4 of the Dungeon)
Scrolls
 d - a scroll of immolation {!r!r}
 e - 2 scrolls of enchant armour {unknown}
 g - 3 scrolls of fear {unknown}
 h - 3 scrolls of identify {unknown}
 i - a scroll of torment {unknown}

Dungeon Overview and Level Annotations

Branches:
Dungeon (5/15) Zot: 23791  Temple (1/1) D:5 Zot: 5934

Altars:
Ashenzari
Cheibriados
Dithmenos
Fedhas
Gozag
Kikubaaqudgha
Makhleb
Nemelex Xobeh
Okawaru
Qazlal
Ru
Sif Muna
Uskayaw
Wu Jian
Xom

Shops:
D:1 !   D:4 *

Portals:
Abyss: D:3

Annotations:
D:3 2 transporters, bmj180's ghost, amateur DrCj

..........#.##.#.#
..#######.#.##.#.#.#
....# #.#.##.#.#.#
....#####.#.##.#.#.#
............>..#.#.#
....#####.#....#.#.#####
....#####.#.............
....##..#.#....#.#.#####
....##..#.#....#@..#
....##..#.##.###.#####
....##..#............#
....##..####.###.###.#
#.............#.#
#...........#.#.#
#..ยง.....####.#.#
######.............#.#
..............######.#


There were no monsters in sight!


Message History

You hear a shout!
You hear an angry buzzing noise.
A phantom comes into view.
A yak and a killer bee come into view.
Unknown command.
The killer bee is distracted by your dazzling golden aura.
You block something's attack.
Deactivating autopickup; reactivate with Ctrl-A.
An adder comes into view.
The kobold brigand throws a curare-tipped dart.
The curare-tipped dart hits you. ๐Ÿ˜Ž MP[+1]
Something hits you. ๐Ÿ˜• HP[-1]
You take 1 damage, and now have 45/46 hp.
The kobold brigand throws a curare-tipped dart.
You block something's attack. ๐Ÿ˜Ž HP[+1]
Your hp is fully restored (46). ๐Ÿ˜Ž MP[+1]
Press: ? - help, v - describe, . - travel The floor.
You block something's attack.
Press: ? - help, v - describe, . - travel The floor.
Unknown command.
Okay, then.
Something hits you! ๐Ÿ˜• HP[-8]
You take 8 damage, and now have 38/46 hp. ๐Ÿ˜• MP[+1]
Aiming: Iceblast
Press: ? - help, Shift-Dir - straight line The mass of ice explodes!
The iceblast engulfs something.
The iceblast engulfs the adder!!
You kill the adder!
Something hits you.
Your Hexes skill increases to level 3! ๐Ÿ˜ฎ HP[-6]
You take 6 damage, and now have 32/46 hp. ๐Ÿ˜ฎ HP[+1]
You block something's attack. Something hits you. ๐Ÿ˜ฎ HP[-3]
You take 3 damage, and now have 30/46 hp. ๐Ÿ˜ฎ HP[+1]
Something hits you but does no damage. Something hits you!
* * * LOW HITPOINT WARNING * * *
๐Ÿ˜จ HP[-8] MP[+1]
You take 8 damage, and now have 23/46 hp.
Unknown command.
Something hits you!
* * * LOW HITPOINT WARNING * * *
๐Ÿ˜จ HP[-7]
You take 7 damage, and now have 16/46 hp.
The kobold brigand throws a curare-tipped dart.
The curare-tipped dart hits you. ๐Ÿ˜จ HP[+1]
Something hits you.
* * * LOW HITPOINT WARNING * * *
๐Ÿ˜จ HP[-5]
You take 5 damage, and now have 12/46 hp.
The kobold brigand throws a curare-tipped dart.
The curare-tipped dart hits you.
As you read the scroll of teleportation {@r4}, it crumbles to dust.
You feel strangely unstable. Something hits you.
* * * LOW HITPOINT WARNING * * *
The kobold brigand throws a curare-tipped dart.
The curare-tipped dart hits you.
Something completely misses you. ๐Ÿ˜ฑ HP[-3]
You take 3 damage, and now have 9/46 hp. ๐Ÿ˜ฑ HP[+1] MP[+1]
Your mp is fully restored (17).
Unknown command.
Your surroundings suddenly seem different.
An iguana, an adder, a scorpion and an orc come into view.
The orc shouts!
You hear a shout!
The iguana hisses angrily.
The adder hisses angrily.
A centaur comes into view.
The centaur wields a +0 shortbow.
The centaur shoots an arrow.
You block the arrow with an invisible shield... and reflect it back!
The arrow hits the centaur!
You block the scorpion's attack.
Blink to where?
Press: ? - help, Dir - move target
As you read the scroll of blinking {!r}, it crumbles to dust. ๐Ÿ˜ฑ HP[+1]
Something hits you!
* * * LOW HITPOINT WARNING * * *
๐Ÿ˜ฑ HP[-9]
You take 9 damage, and now have 2/46 hp.
Blink to where?
Press: ? - help, Dir - move target
As you read the scroll of blinking {!r}, it crumbles to dust. ๐Ÿ˜ฑ HP[+1]
You block something's attack.
There is a stone staircase leading up here.
Something hits you!
You die...
Your body crumbles into a pile of gold.

Skill      XL: |  1  2  3  4  5  6  7 |
---------------+----------------------+-----
Spellcasting   | 3 4 5 6 |  6.7
Conjurations   | 4 5 |  5.3
Hexes          | 1 2 3 |  3.0
Dodging        | |  1.5
Stealth        | |  1.5

Action                     |  1- 3 |  4- 6 |  7- 9 || total
---------------------------+-------+-------+-------++-------
  Melee: Short sword       |     5 |    11 |       ||    16
   Cast: Magic Dart        |    91 |    87 |    26 ||   204
         Searing Ray       |       |    14 |     4 ||    18
  Evoke: Wand              |       |       |     1 ||     1
    Use: Scroll            |     3 |       |     3 ||     6
 Armour: Robe              |     9 |    40 |    16 ||    65
  Dodge: Dodged            |     3 |    33 |     7 ||    43
  Block: Other             |       |       |     8 ||     8
         Reflection        |       |       |     2 ||     2

Levels and vault maps discovered:
D:1:      lightli_arrival_statuegarden, layout_loops_ring, serial_shops,
          nicolae_shop_tiny_waterfront, minmay_misc_feat_secret_circle
D:2:      layout_loops_corners, chequers_ecumenical_altar_grove,
          kennysheep_generic_room_7
D:3:      layout_loops_corners, mainiacjoe_overflow_surrounded_room,
          gammafunk_ghost_abyssal_escape, uniq_robin
D:4:      layout_loops_corners, zin_purify, makhleb_blood_cavern_becter,
          uniq_natasha
D:5:      cheibrodos_fzero, layout_basic, mainiacjoe_overflow_24_doors,
          minmay_temple_entry_statues_pillars
Temple:   regret_index_temple_generic_petals

Notes
Turn   | Place    | Note
-------+----------+-------------------------------------------
     0 | D:1      | MackTheKnife the Mummy Conjurer began the quest for the
                  | Orb.
     0 | D:1      | Reached XP level 1. HP: 13/13 MP: 4/4
     0 | D:1      | magus.rc [v1.9.6]
    16 | D:1      | Found Sewi's Distillery.
   153 | D:1      | Reached skill level 3 in Spellcasting
   275 | D:1      | You pick up a book of Necromancy and begin reading...
   275 | D:1      | You add the spells Necrotise, Vampiric Draining and Agony
                  | to your library.
   493 | D:1      | Reached XP level 2. HP: 19/19 MP: 0/6
   496 | D:1      | Learned a level 2 spell: Searing Ray
   618 | D:1      | You add the spells Momentum Strike, Poisonous Vapours,
                  | Blink, Swiftness and Volatile Blastmotes to your library.
   618 | D:1      | Got the Elucidation of the Shocking Voyage
  1077 | D:2      | You pick up a book of Annihilations and begin reading...
  1077 | D:2      | You add the spells Chain Lightning, Fire Storm and Shatter
                  | to your library.
  1369 | D:2      | Reached XP level 3. HP: 23/24 MP: 2/8
  1875 | D:2      | Found a faded altar of an unknown god.
  2150 | D:3      | Found a transporter.
  2321 | D:3      | Reached skill level 4 in Spellcasting
  2592 | D:3      | Reached skill level 4 in Conjurations
  2776 | D:3      | Noticed a small abomination
  2821 | D:3      | Reached XP level 4. HP: 30/30 MP: 3/10
  2886 | D:3      | Noticed a small abomination
  3009 | D:3      | Found a one-way gate to the infinite horrors of the Abyss.
  3009 | D:3      | Noticed bmj180's ghost (amateur DrCj)
  3019 | D:3      | Found a transporter.
  3033 | D:3      | Noticed Robin
  3085 | D:3      | Killed Robin
  3340 | D:3      | Reached skill level 5 in Spellcasting
  3340 | D:3      | Reached XP level 5. HP: 32/35 MP: 2/12
  3454 | D:3      | Found a blossoming altar of Fedhas.
  3460 | D:3      | Learned a level 4 spell: Fulminant Prism
  3956 | D:4      | Reached skill level 1 in Hexes
  4237 | D:4      | Reached XP level 6. HP: 36/41 MP: 0/14
  4574 | D:4      | Found Zin's Purification Station.
  4732 | D:4      | Identified the +8 chain mail of the Stonemason {Will- rCorr
                  | Str+4}
  5001 | D:4      | Noticed Natasha
  5008 | D:4      | Killed Natasha
  5156 | D:4      | Found a burning altar of Makhleb.
  5256 | D:4      | Reached skill level 6 in Spellcasting
  5256 | D:4      | Reached skill level 2 in Hexes
  5321 | D:4      | Reached skill level 5 in Conjurations
  5602 | D:5      | Entered Level 5 of the Dungeon
  5708 | D:5      | Reached XP level 7. HP: 37/46 MP: 9/16
  6013 | D:5      | Found a staircase to the Ecumenical Temple.
  6018 | Temple   | Entered the Ecumenical Temple
  6051 | Temple   | Became a worshipper of Gozag Ym Sagoz the Greedy
  6229 | D:5      | Noticed a yak
  6249 | D:5      | Reached skill level 3 in Hexes
  6259 | D:5      | HP: 9/46 [something (3)]
  6266 | D:5      | HP: 2/46 [something (9)]
  6271 | D:5      | Slain by an unseen horror

Vanquished Creatures
  A black bear (D:5)
  2 scorpions
  A jelly (D:4)
  2 orc priests (D:4)
  3 hounds
  2 orc wizards (D:3)
  Natasha (D:4)
  An iguana (D:5)
  Robin (D:3)
  8 adders
  2 white imps (D:5)
  2 worms
  3 dart slugs
  11 orcs
  2 ball pythons (D:2)
  5 bats
  10 endoplasms
  2 giant cockroaches (D:4)
  4 hobgoblins
  2 jackals (D:5)
  4 quokkas
  A frilled lizard (D:3)
  16 goblins
  4 kobolds
  8 rats
98 creatures vanquished.

Table legend:
 A = Non-vault XP
 B = Vault XP
 C = Vault XP percentage of total XP
 D = Non-vault monster count
 E = Vault monster count
 F = Vault count percentage of total count
                 A         B        C        D         E       F
            +---------+---------+-------+---------+---------+-------
      Total |     794 |     173 |  17.9 |      78 |      20 |  20.4
            +---------+---------+-------+---------+---------+-------
        D:1 |      17 |       0 |   0.0 |      11 |       0 |   0.0
        D:2 |      44 |       4 |   8.3 |      16 |       3 |  15.8
        D:3 |     123 |      36 |  22.6 |      15 |      12 |  44.4
        D:4 |     338 |      75 |  18.2 |      27 |       2 |   6.9
        D:5 |     272 |      58 |  17.6 |       9 |       3 |  25.0
            +---------+---------+-------+---------+---------+-------

Skill      XL: |  1  2  3  4  5  6  7 |
---------------+----------------------+-----
Spellcasting   | 3 4 5 6 |  6.7
Conjurations   | 4 5 |  5.3
Hexes          | 1 2 3 |  3.0
Dodging        | |  1.5
Stealth        | |  1.5

Action                     |  1- 3 |  4- 6 |  7- 9 || total
---------------------------+-------+-------+-------++-------
  Melee: Short sword       |     5 |    11 |       ||    16
   Cast: Magic Dart        |    91 |    87 |    26 ||   204
         Searing Ray       |       |    14 |     4 ||    18
  Evoke: Wand              |       |       |     1 ||     1
    Use: Scroll            |     3 |       |     3 ||     6
 Armour: Robe              |     9 |    40 |    16 ||    65
  Dodge: Dodged            |     3 |    33 |     7 ||    43
  Block: Other             |       |       |     8 ||     8
         Reflection        |       |       |     2 ||     2

Illustrated notes

Table legend:
 A = Kills in this place as a percentage of kills in the entire game.
 B = Kills by you in this place as a percentage of kills by you in the entire game.
 C = Kills by friends in this place as a percentage of kills by friends in the entire game.
 D = Other kills in this place as a percentage of other kills in the entire game.
 E = Experience gained in this place as a percentage of experience gained in the entire game.
 F = Experience gained in this place divided by the number of levels of this place that you have seen.
                   A       B       C       D       E      F
               +-------+-------+-------+-------+-------+----------------------
         Total | 100.0 | 100.0 |   N/A |   N/A | 100.0 | 161.2
       Dungeon | 100.0 | 100.0 |   N/A |   N/A | 100.0 | 193.4
               +-------+-------+-------+-------+-------+----------------------

Table legend: (Time is in decaauts)
 A = Elapsed time spent in this place.
 B = Non-inter-level travel time spent in this place.
 C = Inter-level travel time spent in this place.
 D = Time resting spent in this place.
 E = Time spent auto-exploring this place.
 F = Levels seen in this place.
 G = Mean time per level.
                   A        B        C        D        E       F      G
               +--------+--------+--------+--------+--------+-----+--------+
         Total |   6273 |   5958 |    315 |    552 |   4740 |   6 | 1045.5 |
       Dungeon |   6207 |   5956 |    251 |    552 |   4740 |   5 | 1241.4 |
        Temple |     65 |      1 |     64 |      0 |      0 |   1 |   65.0 |
               +--------+--------+--------+--------+--------+-----+--------+

Top non-repeatable levels by time:
     D:4: 1804 daAuts
     D:2: 1533 daAuts
     D:3: 1388 daAuts
     D:1: 878 daAuts
     D:5: 603 daAuts
  Temple: 65 daAuts
